[Event "75th Argentine Women-ch 2024"]
[Site "Buenos Aires"]
[Date "2024.11.26"]
[Round "5.1"]
[White "Adam, Ernestina"]
[Black "Campos, Maria Jose"]
[Result "1/2-1/2"]
[ECO "C55"]
[WhiteElo "2154"]
[BlackElo "2272"]
[Annotator "RC"]
[PlyCount "105"]
[EventDate "2024.11.21"]
[EventType "swiss"]
[EventCountry "ARG"]
[SourceTitle "playchess.com"]
[Source "ChessBase"]
[SourceQuality "1"]
[TimeControl "5400+30"]

1. e4 e5 2. Nf3 Nc6 3. Bc4 Nf6 4. d3 h6 5. O-O d6 6. a4 g6 7. Nc3 Bg7 8. a5 a6 9. Re1 O-O 10. Nd5 Nxd5 11. Bxd5 Nxa5 12. Rxa5 c6 13. Ra2 cxd5 14. exd5 Re8 15. c4 b5 16. Be3 Rb8 17. b3 Qc7 18. Qc1 bxc4 19. bxc4 Kh7 20. h3 f5 21. Bd2 Rb3 22. Ra3 Rb8 23. Bc3 Re7 24. Nd2 h5 25. Nb3 Bh6 26. Qa1 e4 27. Nd4 Re8 28. Nc6 Ra8 29. dxe4 fxe4 30. Bd4 Bb7 31. Na5 Bc8 32. Qc3 Bd7 33. Qg3 Rab8 34. c5 Bf8 35. c6 Bc8 36. f3 Rb5 37. Bc3 Rxd5 38. fxe4 Rc5 39. Kh1 Be6 40. Rb1 Rb5 41. Rxb5 axb5 42. Bb4 Ra8 43. Qf4 Be7 44. Qg3 h4 45. Qd3 Rf8 46. Ra1 Rf4 47. Rf1 Rxf1+ 48. Qxf1 Qb6 49. Qd1 Qc7 50. Qd3 Qb6 51. Qd1 Qc7 52. Qd3 Qb6 53. Qd1 1/2-1/2

[Event "75th Argentine Women-ch 2024"]
[Site "Buenos Aires"]
[Date "2024.11.26"]
[Round "5.2"]
[White "Zuriel, Marisa"]
[Black "Brizzi, Milagros Tatiana"]
[Result "1/2-1/2"]
[ECO "B14"]
[WhiteElo "2163"]
[BlackElo "2114"]
[Annotator "RC"]
[PlyCount "77"]
[EventDate "2024.11.21"]
[EventType "swiss"]
[EventCountry "ARG"]
[SourceTitle "playchess.com"]
[Source "ChessBase"]
[SourceQuality "1"]
[TimeControl "5400+30"]

1. e4 c6 2. d4 d5 3. exd5 cxd5 4. c4 Nf6 5. Nc3 Nc6 6. Nf3 e6 7. c5 Be7 8. Bb5 Ne4 9. O-O O-O 10. Re1 Nxc3 11. bxc3 Bd7 12. Rb1 b6 13. cxb6 axb6 14. Qe2 Qc7 15. Bd3 f5 16. Bb5 Bd6 17. c4 Rae8 18. Bb2 Na5 19. Bxd7 Qxd7 20. Nd2 Bb4 21. cxd5 exd5 22. Qd3 Rxe1+ 23. Rxe1 Bxd2 24. Qxd2 Re8 25. Bc3 Nc4 26. Qf4 Rxe1+ 27. Bxe1 Qe6 28. Bc3 Qe4 29. Qb8+ Kf7 30. h3 Qc2 31. Qc7+ Ke6 32. Qc6+ Nd6 33. a4 h5 34. h4 g6 35. Qc7 Qc1+ 36. Kh2 Qf4+ 37. Kg1 Qc1+ 38. Kh2 Qf4+ 39. Kg1 1/2-1/2

[Event "75th Argentine Women-ch 2024"]
[Site "Buenos Aires"]
[Date "2024.11.26"]
[Round "5.3"]
[White "Maggiolo, Elisa"]
[Black "Nejanky, Maisa"]
[Result "0-1"]
[ECO "A20"]
[WhiteElo "1922"]
[BlackElo "1928"]
[Annotator "RC"]
[PlyCount "138"]
[EventDate "2024.11.21"]
[EventType "swiss"]
[EventCountry "ARG"]
[SourceTitle "playchess.com"]
[Source "ChessBase"]
[SourceQuality "1"]
[TimeControl "5400+30"]

1. c4 e5 2. Nf3 Nc6 3. d4 exd4 4. Nxd4 Nf6 5. Nxc6 bxc6 6. Qa4 Bc5 7. Nc3 O-O 8. e3 Qe7 9. Bd3 Rb8 10. O-O d5 11. cxd5 cxd5 12. Qh4 Rb4 13. f4 Bxe3+ 14. Kh1 h6 15. Nxd5 Nxd5 16. Qxe7 Nxe7 17. Bxe3 Rxb2 18. Bc5 Rd8 19. Be4 Nd5 20. Bxa7 Nc3 21. Bf3 Rxa2 22. Rxa2 Nxa2 23. Re1 Be6 24. g4 Nc3 25. Rc1 Nb5 26. Bf2 Bd5 27. Kg2 f6 28. Rc5 Bxf3+ 29. Kxf3 Rb8 30. Ke4 Nd6+ 31. Kd5 Ne8 32. Ke6 Rb2 33. Bg3 Re2+ 34. Kd7 Kf7 35. f5 Rd2+ 36. Kc8 Rd4 37. Bxc7 Rxg4 38. Bg3 Rd4 39. Ra5 Nd6+ 40. Kb8 Ne4 41. Bc7 h5 42. Bb6 Rd2 43. Ra7+ Kg8 44. Bc7 Rd5 45. Ra4 Nc5 46. Rf4 Na6+ 47. Kb7 Nxc7 48. Kxc7 Kh7 49. Kc6 Re5 50. Kd6 Re2 51. h4 Kg8 52. Ra4 Kh7 53. Kd7 Kh6 54. Ra8 g6 55. Ra6 Kg7 56. fxg6 Kxg6 57. Ra4 Kf5 58. Kd6 Re4 59. Ra5+ Kg4 60. Ra8 f5 61. Kd5 Rb4 62. Ke5 Rb5+ 63. Kd4 f4 64. Rg8+ Kxh4 65. Ke4 Rg5 66. Rf8 Kg3 67. Ra8 f3 68. Rf8 f2 69. Ke3 Re5+ 0-1

[Event "75th Argentine Women-ch 2024"]
[Site "Buenos Aires"]
[Date "2024.11.26"]
[Round "5.4"]
[White "Amura, Claudia"]
[Black "Bosco, Giuliana"]
[Result "1-0"]
[ECO "A61"]
[WhiteElo "2183"]
[BlackElo "1953"]
[Annotator "RC"]
[PlyCount "71"]
[EventDate "2024.11.21"]
[EventType "swiss"]
[EventCountry "ARG"]
[SourceTitle "playchess.com"]
[Source "ChessBase"]
[SourceQuality "1"]
[TimeControl "5400+30"]

1. d4 Nf6 2. c4 c5 3. d5 e6 4. Nc3 exd5 5. cxd5 d6 6. Nf3 g6 7. Bf4 Bg7 8. e3 O-O 9. h3 Ne8 10. Be2 Nd7 11. O-O Ne5 12. Nd2 Nc7 13. a4 b6 14. Bg3 f5 15. f4 Nf7 16. Nc4 Re8 17. Bf2 Rb8 18. Qd2 a6 19. Bf3 b5 20. axb5 Nxb5 21. Na5 Qf6 22. Nc6 Rb6 23. Na4 Rb7 24. Rac1 g5 25. g3 Nh6 26. Bg2 Nf7 27. b4 cxb4 28. Qxb4 Bd7 29. Qa5 Ra8 30. Nb6 Nc3 31. Nxa8 Ne2+ 32. Kh2 Nxc1 33. Rxc1 Qb2 34. Rf1 Qb5 35. Qxb5 Rxb5 36. Nc7 1-0

[Event "75th Argentine Women-ch 2024"]
[Site "Buenos Aires"]
[Date "2024.11.26"]
[Round "5.5"]
[White "Herrera, Solange"]
[Black "Alvarez, Mia Morena"]
[Result "1/2-1/2"]
[ECO "D00"]
[WhiteElo "1880"]
[BlackElo "1653"]
[Annotator "NA RC"]
[PlyCount "74"]
[EventDate "2024.11.21"]
[EventType "swiss"]
[EventCountry "ARG"]
[SourceTitle "playchess.com"]
[Source "ChessBase"]
[SourceQuality "1"]
[TimeControl "5400+30"]

1. d4 d5 2. e3 Nf6 3. Bd3 c5 4. c3 Nc6 5. f4 Bg4 6. Nf3 e6 7. O-O {[%emt 0:00:27] 7.0-0 is better than 7.Nbd2.} Be7 {[%emt 0:01:33] D00: 1 d4 d5: Unusual lines.} 8. Nbd2 O-O 9. Qe1 Bf5 10. Qe2 Rc8 11. Ne5 Qc7 12. h3 $146 ({Predecessor:} 12. Kh1 Rfe8 13. Rg1 Bf8 14. g4 Bxd3 15. Qxd3 Nd7 16. Rg3 f6 17. Nxd7 Qxd7 18. Nf3 {0-1 Roose,C (1776)-Fecker,N (2396) Wch U20 Blitz 2023 (1)}) 12... Bxd3 13. Qxd3 c4 14. Qe2 b5 15. Qf3 b4 16. e4 a5 17. g4 Nxe5 18. fxe5 dxe4 19. Nxe4 Nxe4 20. Qxe4 f5 21. gxf5 exf5 22. Rxf5 Qd7 $18 ({Black should play} 22... Rxf5 $14 23. Qxf5 Rf8) 23. Rxf8+ Rxf8 24. Qg2 Qe6 25. Bd2 h6 26. Qg4 Qc6 27. Rf1 Rxf1+ 28. Kxf1 Qh1+ 29. Ke2 Qc6 30. Qf5 Qg2+ 31. Kd1 Qh1+ 32. Ke2 Qg2+ 33. Kd1 Qh1+ 34. Ke2 Qg2+ 35. Ke1 Bh4+ 36. Kd1 Qg1+ 37. Kc2 b3+ 1/2-1/2

[Event "75th Argentine Women-ch 2024"]
[Site "Buenos Aires"]
[Date "2024.11.25"]
[Round "5.6"]
[White "Montiel Marin, Micaela Agustina"]
[Black "Perez Lascano, Lucila"]
[Result "1-0"]
[ECO "E73"]
[WhiteElo "1880"]
[BlackElo "1593"]
[Annotator "NA RC"]
[PlyCount "64"]
[EventDate "2024.11.21"]
[EventType "swiss"]
[EventCountry "ARG"]
[SourceTitle "playchess.com"]
[Source "ChessBase"]
[SourceQuality "1"]
[TimeControl "5400+30"]

1. d4 Nf6 2. c4 g6 3. Nc3 Bg7 4. e4 d6 5. Be2 O-O 6. Bg5 e5 7. dxe5 dxe5 8. Qxd8 Rxd8 9. Nd5 Nxd5 {[%emt 0:04:53] E73: King's Indian: Averbakh Variation without 6...c5.} 10. Bxd8 Nf4 11. O-O-O Ne6 {[%emt 1:20:33] [#]} 12. Bxc7 $1 Nc6 13. Bd6 Ned4 14. Bc5 Be6 15. Bd3 b5 $2 (15... b6 {was worth a try.}) 16. cxb5 Bxa2 17. b4 Nb3+ 18. Kb2 Nxc5 19. bxc6 Nxd3+ $18 20. Rxd3 Bc4 21. Rc3 Bf1 22. Nf3 Bxg2 23. Rd1 Bf6 24. Kb3 Bh3 25. b5 Be6+ 26. Kb4 Be7+ 27. Ka5 Bc8 28. c7 f6 29. Rd8+ Kf7 30. Rxc8 Rxc8 31. Ka6 Ke8 32. Kb7 Kd7 1-0

[Event "75th Argentine Women-ch 2024"]
[Site "Buenos Aires"]
[Date "2024.11.26"]
[Round "5.7"]
[White "Ramirez, Marysol"]
[Black "Quiroga Ortiz, Isabella"]
[Result "1-0"]
[ECO "B07"]
[WhiteElo "1824"]
[BlackElo "1508"]
[Annotator "NA RC"]
[PlyCount "91"]
[EventDate "2024.11.21"]
[EventType "swiss"]
[EventCountry "ARG"]
[SourceTitle "playchess.com"]
[Source "ChessBase"]
[SourceQuality "1"]
[TimeControl "5400+30"]

1. d4 Nf6 2. Bf4 g6 3. Nc3 Bg7 4. e4 d6 5. Qd2 Nbd7 6. O-O-O {[%emt 0:01:33] B07: Pirc Defence: Miscellaneous Systems.} h6 7. h4 Nh5 (7... a6 $1 $14 {feels stronger.}) 8. Be3 e5 9. g4 exd4 10. Bxd4 Bxd4 11. Qxd4 Nhf6 12. f4 Rh7 13. e5 Nxg4 14. exd6 c5 (14... Kf8 $142 15. Bh3 c5) 15. Qe4+ Kf8 16. Re1 f5 17. Qe6 Ndf6 18. Qc4 Qxd6 19. Rh3 b5 20. Nxb5 Qb6 21. Rb3 Ne4 22. Bg2 Be6 23. Qf1 Bxb3 24. axb3 Rb8 25. Na3 Ngf2 26. Bxe4 Nxe4 27. Nf3 Rd7 28. Nc4 Qa6 29. Kb1 Qf6 30. Nfe5 Rdd8 31. Qg1 Kg7 32. Re2 g5 33. hxg5 hxg5 34. fxg5 Qe7 35. Rg2 Nd2+ 36. Ka2 Qe6 37. Qxc5 Qa6+ 38. Na3 Qe6 39. Qxa7+ Kg8 40. Nd3 Nxb3 41. cxb3 Qxb3+ 42. Ka1 Rxd3 43. g6 Qd1+ 44. Nb1 $18 Qb3 45. Qh7+ Kf8 46. g7+ 1-0

[Event "75th Argentine Women-ch 2024"]
[Site "Buenos Aires"]
[Date "2024.11.25"]
[Round "5.8"]
[White "Manzoni, Camila"]
[Black "Gaite, Karen Nerina"]
[Result "0-1"]
[ECO "D02"]
[WhiteElo "1521"]
[BlackElo "1997"]
[Annotator "RC"]
[PlyCount "42"]
[EventDate "2024.11.21"]
[EventType "swiss"]
[EventCountry "ARG"]
[SourceTitle "playchess.com"]
[Source "ChessBase"]
[SourceQuality "1"]
[TimeControl "5400+30"]

1. d4 d5 2. Bf4 c5 3. c3 Nc6 4. Nf3 Nf6 5. e3 Bf5 6. Be2 h6 7. O-O e6 8. Nbd2 Bd6 9. Bxd6 Qxd6 10. c4 cxd4 11. exd4 O-O 12. Re1 Nb4 13. Rf1 Rfd8 14. cxd5 Qxd5 15. Nb3 a5 16. a3 Nc2 17. Rc1 Qxb3 18. Ne1 Nxd4 19. Bc4 Qxd1 20. Rxd1 b5 21. Ba2 Ne2+ 0-1

[Event "75th Argentine Women-ch 2024"]
[Site "Buenos Aires"]
[Date "2024.11.26"]
[Round "5.9"]
[White "Perez Mosqueda, Valeria Ritzabeth"]
[Black "Palomares, Lujan"]
[Result "0-1"]
[ECO "D00"]
[WhiteElo "1476"]
[BlackElo "1633"]
[Annotator "NA RC"]
[PlyCount "88"]
[EventDate "2024.11.21"]
[EventType "swiss"]
[EventCountry "ARG"]
[SourceTitle "playchess.com"]
[Source "ChessBase"]
[SourceQuality "1"]
[TimeControl "5400+30"]

1. d4 c6 2. e3 d5 3. Bd3 Nf6 4. Nd2 Nbd7 5. f4 e6 6. Ngf3 c5 7. c3 Be7 8. O-O O-O 9. Ne5 Qc7 10. b3 a6 11. Bb2 b5 12. Rf3 c4 13. Bc2 Bb7 14. Rh3 g6 15. Qf3 Kg7 16. Kh1 Rh8 17. Rg1 Rag8 18. g4 Kf8 19. Rf1 h6 20. Nxd7+ Qxd7 21. f5 gxf5 22. gxf5 Rg7 23. fxe6 Qxe6 24. Bf5 Qc6 25. Re1 Rg5 26. e4 dxe4 27. Nxe4 Rxf5 28. Qxf5 Nxe4 29. d5 Qxd5 30. Qxd5 Bxd5 31. Kg1 Rg8+ 32. Kf1 Nd2+ 33. Ke2 Rg2+ 34. Kd1 Nf3 35. Re2 Rg1+ 36. Kc2 Ne1+ 37. Kb1 Nd3+ 38. Kc2 Ne1+ 39. Kb1 Nd3+ 40. Kc2 Be6 41. Rxh6 Ne1+ 42. Kb1 Bf5+ 43. Kc1 Bg5+ 44. Kd1 Nf3+ 0-1

[Event "75th Argentine Women-ch 2024"]
[Site "Buenos Aires"]
[Date "2024.11.25"]
[Round "5.10"]
[White "Macuri, Genesis"]
[Black "Bossero, Ingrid"]
[Result "0-1"]
[ECO "D02"]
[WhiteElo "1449"]
[BlackElo "1694"]
[Annotator "NA RC"]
[PlyCount "60"]
[EventDate "2024.11.21"]
[EventType "swiss"]
[EventCountry "ARG"]
[SourceTitle "playchess.com"]
[Source "ChessBase"]
[SourceQuality "1"]
[TimeControl "5400+30"]

1. d4 d5 2. Nf3 c6 3. g3 Nf6 4. Bg2 e6 5. O-O Be7 6. Nc3 O-O 7. b3 Nbd7 8. Bb2 c5 9. dxc5 Nxc5 10. Qd2 b6 11. Nd4 Bb7 12. Rfd1 Rc8 13. Ncb5 a6 14. Na7 Rc7 15. c4 Ba8 16. Nac6 Bxc6 17. Nxc6 Rxc6 18. cxd5 exd5 19. Bxd5 Rc8 20. Bg2 Qxd2 21. Rxd2 h6 22. f4 Rfd8 23. Rxd8+ Rxd8 24. h4 Rd2 25. Bxf6 Bxf6 26. Rc1 Rxe2 27. a4 Kf8 28. Rc4 Nxb3 29. Rc6 Na5 30. Rxb6 Bd4+ 0-1